 Dungeon Crawl Stone Soup version 0.32-a0-450-g080537f31e (webtiles) character file.

Game seed: 8443902230318166307

633 snetch the Chopper (level 7, 0/61 HPs)
             Began as a Minotaur Berserker on Feb 23, 2024.
             Was a Priest of Trog.
             Killed by divine providence
             ... invoked by an orc priest
              (11 damage)
             ... on level 5 of the Dungeon.
             The game lasted 00:09:39 (3847 turns).

snetch the Chopper (Minotaur Berserker)             Turns: 3847, Time: 00:09:40

Health: 0/61       AC: 12    Str: 23    XL:     7   Next: 24%
Magic:  6/6        EV:  9    Int:  7    God:    Trog [***...]
Gold:   276        SH:  0    Dex: 10    Spells: 6/6 levels left

rFire   . . .        c - +4 short sword of Divine Punishment {venom, Fly rCorr Int+3}
rCold   . . .        (no shield)
rNeg    + . .        y - +0 chain mail
rPois   .            (helmet restricted)
rElec   .            j - +0 cloak
rCorr   +            (no gloves)
SInv    .            B - +0 pair of boots
Will    .....        (no amulet) Stlth
                     f - ring of positive energy
HPRegen 0.30/turn    (no ring)
MPRegen 0.10/turn

%: no passive effects
@: flying
A: horns 2, retaliatory headbutt
a: Renounce Religion, Berserk, Trog's Hand


You were on level 5 of the Dungeon.
You worshipped Trog.
Trog was most pleased with you.
You visited 1 branch of the dungeon, and saw 5 of its levels.

You collected 276 gold pieces.

Inventory:

Hand Weapons
 a - a +0 hand axe
 b - a +0 flail
 c - the +4 short sword of Divine Punishment (weapon) {venom, Fly rCorr Int+3}
   (You found it on level 5 of the Dungeon)

   Int+3:     It affects your intelligence (+3).
   Fly:       It grants you flight.
   rCorr:     It protects you from acid and corrosion.
 z - a +0 trident
Missiles
 h - 6 poisoned darts (quivered)
 w - 49 stones
 C - 2 throwing nets
Armour
 j - a +0 cloak (worn)
 y - a +0 chain mail (worn)
 B - a +0 pair of boots (worn)
Jewellery
 f - a ring of positive energy (left hand)
Talismans
 i - a flux talisman
Wands
 e - a wand of flame (30)
 v - a wand of polymorph (1)
 D - a wand of iceblast (5)
Scrolls
 d - 7 scrolls of identify {unknown}
 g - a scroll of revelation {unknown}
 k - a scroll of fear {unknown}
 l - 2 scrolls of teleportation {unknown}
 s - 3 scrolls of silence {unknown}
 t - a scroll of vulnerability {unknown}
 x - a scroll of enchant armour {unknown}
 A - 2 scrolls of fog {unknown}
Potions
 m - a potion of magic {unknown}
 n - a potion of might {unknown}
 o - 2 potions of brilliance {unknown}
 p - a potion of curing {unknown}
 q - 2 potions of attraction {unknown}
 r - a potion of haste {unknown}
 u - 3 potions of heal wounds {unknown}


   Skills:
 + Level 5.1 Fighting
 + Level 1.0 Short Blades
 + Level 5.6(6.1) Axes
 + Level 3.7(5.2) Maces & Flails
 + Level 5.4 Armour
 + Level 3.5 Dodging
 + Level 1.2 Stealth


You had 6 spell levels left.
You didn't know any spells.
Your spell library contained the following spells:

 Spells                   Type           Power      Damage    Failure   Level
 Ensorcelled Hibernation  Hex/Ice        0%         N/A       98%         2
 Passwall                 Erth           0%         N/A       100%        3
 Swiftness                Air            0%         N/A       100%        3


Dungeon Overview and Level Annotations

Branches:
Dungeon (5/15)
 Temple: D:4-7

Altars:
Xom

Shops:
D:2 :*   D:3 [


Innate Abilities, Weirdness & Mutations

You have a pair of horns on your head.
You reflexively headbutt those who attack you in melee.


Message History

The orc warrior hits you with a +0 flail.
You closely miss the orc warrior.
The orc warrior is almost dead.
The orc warrior closely misses you. You furiously retaliate!
You headbutt the orc warrior!
You kill the orc warrior!
Trog accepts your kill.
Your Short Blades skill increases to level 1!
You barely miss the orc. Your headbutt misses the orc.
The orc hits you but does no damage.
You hit the orc.
The orc is moderately wounded.
The orc closely misses you.
You hit the orc.
The orc is poisoned.
Your headbutt misses the orc.
The orc is severely wounded.
The bombardier beetle sprays incendiary fluid at you.
The burning spray misses you. The orc barely misses you.
Unknown command.
You barely miss the orc. You headbutt the orc, but do no damage.
The orc is almost dead.
You kill the orc!
Trog accepts your kill.
The orc priest mumbles some strange prayers to Beogh against you.
Beogh smites you!
The bombardier beetle sprays incendiary fluid at you.
The burning spray misses you.
You hit the orc.
The orc is poisoned.
You headbutt the orc.
The orc is heavily wounded.
An adder comes into view.
The orc priest invokes the aid of Beogh against you.
Beogh smites you!
* * * LOW HITPOINT WARNING * * *
The orc closely misses you.
Press: ? - help, v - describe, . - travel
Here: a bombardier beetle The floor.
The orc attacks as it pursues you! The orc hits you but does no damage.
The orc priest calls down the wrath of Beogh upon you.
Beogh smites you!
You die...

# # ### ...#. ##.##
.....o###.#.#######
#S)o@###......#
#.....###B#.#####.#
#..#......S.# #
########.# #...<#
#.#...# #.##. ...
.. .##. .##


You could see a bombardier beetle, an orc priest, 2 adders and an orc (very
poisoned).

Vanquished Creatures
  An orc warrior (D:5)
  An ogre (D:4)
  2 scorpions
  A howler monkey (D:4)
  A hound (D:4)
  An orc priest (D:5)
  2 iguanas
  2 orc wizards (D:4)
  A gnoll (D:1)
  4 adders
  A dart slug (D:2)
  A ribbon worm (D:4)
  11 orcs
  5 endoplasms
  2 giant cockroaches (D:4)
  6 goblins
  5 hobgoblins
  3 kobolds
  6 quokkas
  14 ball pythons
  3 bats (D:3)
  2 frilled lizards
  8 rats
83 creatures vanquished.

Notes
Turn   | Place    | Note
-------+----------+-------------------------------------------
     0 | D:1      | snetch the Minotaur Berserker began the quest for the Orb.
     0 | D:1      | Reached XP level 1. HP: 19/19 MP: 0/0
    63 | D:1      | Reached XP level 2. HP: 24/27 MP: 1/1
   275 | D:2      | Found Debiniqask's Assorted Antiques.
   835 | D:1      | Reached ** piety under Trog
   836 | D:1      | Reached XP level 3. HP: 33/33 MP: 2/2
  1281 | D:2      | Found Ureots's Vocational Training.
  1934 | D:3      | Found Piozorph's Antique Armour Boutique.
  2074 | D:4      | Reached XP level 4. HP: 34/41 MP: 3/3
  2448 | D:3      | Identified the +1 robe of the Sea {-Tele ^Drain rPois
                  | Stlth+}
  2474 | D:3      | Noticed a scorpion
  2478 | D:3      | Killed a scorpion
  2479 | D:3      | Reached skill level 5 in Axes
  2479 | D:3      | Reached XP level 5. HP: 47/47 MP: 4/4
  2714 | D:4      | Reached skill level 1 in Maces & Flails
  2762 | D:4      | Found a shimmering altar of Xom.
  2840 | D:4      | Reached XP level 6. HP: 49/53 MP: 5/5
  2853 | D:4      | Reached skill level 1 in Stealth
  2857 | D:5      | Entered Level 5 of the Dungeon
  2910 | D:4      | You fall into a shaft and drop 1 floor!
  2971 | D:5      | Identified the +4 short sword of Divine Punishment {venom,
                  | Fly rCorr Int+3}
  3107 | D:4      | Reached skill level 5 in Fighting
  3314 | D:4      | Reached *** piety under Trog
  3821 | D:5      | Reached skill level 5 in Armour
  3821 | D:5      | Reached XP level 7. HP: 61/61 MP: 6/6
  3842 | D:5      | Reached skill level 1 in Short Blades
  3847 | D:5      | Killed from afar by an orc priest

Illustrated notes

Levels and vault maps discovered:
D:1:      dpeg_arrival_tiny_c, layout_basic
D:2:      layout_basic, serial_shops, nicolae_shop_crystal,
          nicolae_shop_vocational
D:3:      layout_basic, serial_shops,
          nicolae_shop_temple_entry_statues_fountains,
          chequers_serial_rivers_room_a, minmay_between
D:4:      layout_gridville, lemuel_doored_altar, minmay_misc_feat_roman
D:5:      layout_loops_ring

Skill      XL: |  1  2  3  4  5  6  7 |
---------------+----------------------+-----
Fighting       | 4 5 |  5.1
Axes           | 4 5 |  5.6
Armour         | 3 4 5 |  5.4
Dodging        | 3 |  3.5
Maces & Flails | 1 3 |  3.7
Stealth        | 1 |  1.2
Short Blades   | 1 |  1.0

Action                     |  1- 3 |  4- 6 |  7- 9 || total
---------------------------+-------+-------+-------++-------
  Melee: Hand axe          |    82 |    16 |       ||    98
         Headbutt          |     7 |    12 |     3 ||    22
         Flail             |       |    47 |       ||    47
         Short sword       |       |    31 |    14 ||    45
  Throw: Dart              |       |     1 |       ||     1
 Invoke: Trog's Hand       |     1 |       |       ||     1
         Berserk           |       |     1 |       ||     1
 Armour: Animal skin       |     2 |       |       ||     2
         Ring mail         |    58 |    40 |       ||    98
         Chain mail        |       |    28 |     7 ||    35
  Dodge: Dodged            |    55 |    39 |    10 ||   104

Table legend: (Time is in decaauts)
 A = Elapsed time spent in this place.
 B = Non-inter-level travel time spent in this place.
 C = Inter-level travel time spent in this place.
 D = Time resting spent in this place.
 E = Time spent auto-exploring this place.
 F = Levels seen in this place.
 G = Mean time per level.
                   A        B        C        D        E       F      G
               +--------+--------+--------+--------+--------+-----+--------+
         Total |   3876 |   3636 |    240 |      0 |   2577 |   5 |  775.2 |
       Dungeon |   3876 |   3636 |    240 |      0 |   2577 |   5 |  775.2 |
               +--------+--------+--------+--------+--------+-----+--------+

Top non-repeatable levels by time:
     D:1: 1144 daAuts
     D:4: 1049 daAuts
     D:3: 798 daAuts
     D:2: 747 daAuts
     D:5: 138 daAuts
